[Event "Late-Titled-Tuesday-Blitz-February-06-2024"]
[Site "Chess.com"]
[Date "2024.02.06"]
[Round "11"]
[White "Laico"]
[Black "trriinu"]
[Result "1-0"]
[WhiteElo "2371"]
[BlackElo "2238"]
[TimeControl "180+1"]
[EndTime "16:05:02 PST"]
[Termination "Laico won on time"]

1. e4 d5 2. exd5 Qxd5 3. Nc3 Qd6 4. d4 Nf6 5. Nf3 Nc6 6. Bb5 a6 7. Bxc6+ Qxc6 8. O-O Bg4 9. Qd3 Bxf3 10. Qxf3 Qxf3 11.
gxf3 O-O-O 12. Be3 e6 13. Ne4 Be7 14. c4 Nd7 15. a3 f5 16. Ng5 Bxg5 17. Bxg5 Nf6 18. Rad1 Rd6 19. Bf4 Rc6 20. b3 Rd8 21. Rfe1 b5 22.
c5 Nd5 23. Be5 g6 24. b4 Kb7 25. Rb1 a5 26. a4 Nc3 27. axb5 Nxb5 28. bxa5 Ka6 29. Rb4 Nc3 30. Reb1 Nxb1 31. Rxb1 Kxa5 32. f4 Rd7 33. Rb8 Ka4 34. Rb7 Ka5 35. Kg2 Ka6 36.
Rb8 Ka7 37. Re8 Ra6 38. Kh3 Kb7 39. Kh4 Rf7 40. Kg5 Ra2 41. Rxe6 Rxf2 42. h3 Rh2 43.
Kh4 Rf2 44. d5 Rd2 45. d6 cxd6 46. cxd6 1-0

[Event "Late-Titled-Tuesday-Blitz-February-06-2024"]
[Site "Chess.com"]
[Date "2024.02.06"]
[Round "11"]
[White "BeardedNM"]
[Black "Vicmary2005"]
[Result "0-1"]
[WhiteElo "2224"]
[BlackElo "2056"]
[TimeControl "180+1"]
[EndTime "16:05:02 PST"]
[Termination "Vicmary2005 won by resignation"]

1. e4 c5 2. Nf3 Nc6 3. d4 cxd4 4.
Nxd4 g6 5. Nc3 Bg7 6. Be3 Nf6 7. Bc4 d6 8. f3 O-O 9. Qd2 Nd7 10. O-O-O Nb6 11.
Bb3 Na5 12. Bh6 Nbc4 13. Qg5 e5 14. Ndb5 Bf6 15. Qg3 Bh4 16. Bxf8 Bxg3 17. Bxd6 Bf4+ 18. Kb1 Nd2+ 19. Ka1 Naxb3+ 20. axb3 a6 21. Na3 Qxd6 22. Nc4 Nxc4 23. Rxd6 Nxd6 24. Rd1 Nb5 25. Rd8+ Kg7 26. Nd5 Bg5 27. Re8 Nd6 28. Rxe5 Bf6 29. Nxf6 Kxf6 30.
Rc5 Ke7 31. Rc7+ Bd7 32. e5 Nf5 33. Rxb7 Ne3 34. c4 Nxg2 35. c5 Rc8 36. b4 Nf4 37. Ra7 Nd3 38. Rxa6 Nxb4 39. Rb6 Nc2+ 40. Kb1 Rxc5 41. b4 Rc8 42. Kb2 Nd4 43. Rb7 Nxf3 44.
b5 Nxe5 45. h4 f5 46. h5 gxh5 47. Rb6 f4 48. Rh6 Bg4 49. Rxh7+ Kd6 50. b6 Nc4+ 51. Kb3 Nxb6 52. Rh6+ Kc7 53. Rf6 f3 54. Rf7+ Kb8 55. Rf6 Nd7 56. Rf4 Rf8 57. Rb4+ Kc8 58. Rc4+ Kd8 59. Rd4 f2 60. Rd1 Bxd1+ 0-1

[Event "Late-Titled-Tuesday-Blitz-February-06-2024"]
[Site "Chess.com"]
[Date "2024.02.06"]
[Round "11"]
[White "Fandorine"]
[Black "Philippians46"]
[Result "1-0"]
[WhiteElo "2939"]
[BlackElo "2700"]
[TimeControl "180+1"]
[EndTime "16:05:03 PST"]
[Termination "Fandorine won by checkmate"]

1. d4 Nf6 2. Nf3 g6 3. c4 Bg7 4. Nc3 d5 5. cxd5 Nxd5 6. e4 Nxc3 7. bxc3 c5 8. Bb5+ Nc6 9. O-O O-O 10. Bxc6 bxc6 11. Qc2 cxd4 12. cxd4 Bg4 13. Ne5 Qxd4 14. Bb2 Qb6 15. Rfb1 Bxe5 16. Bxe5 Qa5 17. Bc3 Qa6 18.
h3 Be6 19. Bb4 Rfe8 20. Rc1 Rac8 21. Bc5 Rb8 22. Qd2 f6 23. a3 Rbd8 24. Qf4 Rd3 25. Rab1 Qc8 26. h4 Bf7 27. Bxe7 f5 28. Bf6 Rxe4 29.
Rb8 Rxf4 30. Rxc8+ Be8 31. Rxe8+ Kf7 32. Bg5 Kxe8 33.
Bxf4 Rxa3 34. Rxc6 a5 35. Rc7 a4 36. Rxh7 Rb3 37.
Ra7 a3 38. Bd6 Rb1+ 39. Kh2 Rb2 40. Rxa3 Rxf2 41. Ra7 Re2 42. Bf4 Re4 43. Kg3 Kf8 44.
Kf3 Rc4 45. g3 Rc3+ 46. Ke2 Rb3 47. Rd7 Ke8 48. Rc7 Kf8 49. Kd2 Ke8 50. Rg7 Rb6 51.
Kc3 Kf8 52. Rc7 Ke8 53. Kd4 Kf8 54. Ke5 Ra6 55. Rd7 Kg8 56. Rd6 Ra7 57. Rxg6+ Kh7 58.
Rd6 Rf7 59. Rf6 Re7+ 60. Kxf5 Re1 61. Kg4 Kg7 62. Rf5 Ra1 63. Rg5+ Kh7 64. Rc5 Ra6 65. h5 Ra8 66. Rc7+ Kh8 67. Be5+ Kg8 68. h6 Ra4+ 69. Kf5 Kf8 70. h7 Rh4 71. gxh4 Ke8 72. Ke6 Kd8 73. h5 Ke8 74. h6 Kd8 75. Ra7 Kc8 76. h8=Q# 1-0

[Event "Late-Titled-Tuesday-Blitz-February-06-2024"]
[Site "Chess.com"]
[Date "2024.02.06"]
[Round "11"]
[White "snowlord"]
[Black "Semetey"]
[Result "0-1"]
[WhiteElo "2843"]
[BlackElo "2656"]
[TimeControl "180+1"]
[EndTime "16:05:03 PST"]
[Termination "Semetey won by resignation"]

1. c4 e5 2. Nc3 Nc6 3. Nf3 f5 4.
d4 e4 5. Ng1 Nf6 6. h4 Bb4 7.
Bg5 O-O 8. e3 Be7 9. Nh3 h6 10.
Bxf6 Bxf6 11. Nf4 Ne7 12. c5 Kh7 13. Bc4 d6 14. cxd6 cxd6 15. g3 a6 16. Rc1 b5 17.
Bb3 Ra7 18. Ncd5 Nxd5 19. Nxd5 Be6 20. Kf1 Bxd5 21. Bxd5 Rc7 22. Be6 Be7 23. Kg2 g6 24. Qb3 Kg7 25. Rc2 Rxc2 26. Qxc2 Rf6 27. Bd5 Qd7 28.
b4 Rf8 29. Rc1 f4 30. exf4 Bxh4 31. Qxe4 Bf6 32. Be6 Qe7 33. d5 Rb8 34. Rc6 Ra8 35. Qc2 Ra7 36. Rc8 Kh7 37. Rg8 Bg7 38. f5 Qf6 39.
fxg6+ Qxg6 40. Bf5 Qxf5 41. Rxg7+ Kxg7 42. Qxf5 Rf7 43. Qe6 Rf6 44. Qd7+ Kg6 45. Qxd6 Rxd6 0-1

[Event "Late-Titled-Tuesday-Blitz-February-06-2024"]
[Site "Chess.com"]
[Date "2024.02.06"]
[Round "11"]
[White "balachess2006"]
[Black "Baronessa08"]
[Result "0-1"]
[WhiteElo "2690"]
[BlackElo "2550"]
[TimeControl "180+1"]
[EndTime "16:05:06 PST"]
[Termination "Baronessa08 won by checkmate"]

1. c4 e6 2. Nf3 d5 3. e3 Nf6 4. Nc3 b6 5. cxd5 exd5 6. b4 Bb7 7. Bb2 Nbd7 8. b5 a6 9. a4 axb5 10. axb5 Rxa1 11. Qxa1 Bd6 12. Be2 O-O 13. O-O Nc5 14. Nd4 Nfe4 15. Nxe4 dxe4 16. Nf5 f6 17. Nxd6 Qxd6 18.
Bc3 Ra8 19. Qb2 Bd5 20. Bb4 Ra2 21. Qd4 Bf7 22. Bxc5 Qxc5 23. Qxe4 Rxd2 24. Bd3 g6 25.
Rb1 Kg7 26. Bf1 Rc2 27. h4 Rc1 28. Kh2 Rxb1 29. Qxb1 Bc4 30. Bxc4 Qxc4 31. g3 h5 32. Qb2 Qc5 33. Qb3 g5 34. Qe6 gxh4 35. Qd7+ Kg6 36. gxh4 Qe5+ 37. Kg1 Qc5 38. Qe8+ Kg7 39. Qd7+ Kg6 40.
Kg2 Qb4 41. Kg3 Qc5 42. Qd3+ Kg7 43. Qd7+ Kg6 44. Kf3 Qb4 45. Qe8+ Kh6 46. Qc6 Qg4# 0-1

[Event "Late-Titled-Tuesday-Blitz-February-06-2024"]
[Site "Chess.com"]
[Date "2024.02.06"]
[Round "11"]
[White "LiemLe"]
[Black "grzechu96"]
[Result "1-0"]
[WhiteElo "3020"]
[BlackElo "2757"]
[TimeControl "180+1"]
[EndTime "16:05:08 PST"]
[Termination "LiemLe won by resignation"]

1. Nf3 d5 2. e3 Nf6 3. c4 c6 4.
Nc3 e6 5. b3 Bd6 6. Bb2 O-O 7.
Qc2 e5 8. cxd5 cxd5 9. Nb5 Nc6 10. Nxd6 Qxd6 11. Be2 Bg4 12. d4 Bxf3 13. dxe5 Qb4+ 14. Bc3 Qc5 15. gxf3 d4 16. exf6 dxc3 17. Rg1 g6 18. Rc1 Qd6 19. Qxc3 Qxh2 20. Rg3 Rad8 21. f4 Rd6 22. Bf3 Qh4 23. Ke2 Rfd8 24. Rh1 Qxf6 25.
Qxf6 Rxf6 26. Rc1 Rfd6 27. Bxc6 Rd2+ 28. Kf3 bxc6 29. a4 Rb8 30. Rxc6 Rxb3 31. Ra6 Rbb2 32.
Rg2 Rd7 33. f5 Kg7 34. f6+ Kf8 35. Rg5 Rb6 36. Rc5 Ke8 37. Rxb6 axb6 38. Rc8+ Rd8 39. Rc6 Ra8 40. Rxb6 Rxa4 41. e4 Kd7 42. Kf4 Ra2 43.
f3 Ra3 44. e5 Ra7 45. Kg5 Ra3 46. Rb7+ Ke8 47. Kh6 Rxf3 48. Kg7 Rf5 49. Re7+ Kd8 50. Kxf7 g5 51. Ke6 Rf4 52. Rxh7 g4 53. Rg7 1-0

[Event "Late-Titled-Tuesday-Blitz-February-06-2024"]
[Site "Chess.com"]
[Date "2024.02.06"]
[Round "11"]
[White "JaackCamel"]
[Black "masterofpuppets2"]
[Result "1-0"]
[WhiteElo "2216"]
[BlackElo "2453"]
[TimeControl "180+1"]
[EndTime "16:05:08 PST"]
[Termination "JaackCamel won by checkmate"]

1. d4 d5 2. c4 e6 3. Nc3 c5 4. cxd5 exd5 5. Nf3 Nc6 6. g3 Nf6 7. Bg2 Be7 8. O-O O-O 9. Bg5 c4 10. Rc1 Bf5 11. b3 cxb3 12. axb3 h6 13. Bf4 Rc8 14. Ne5 Ba3 15. e4 Bxc1 16. exf5 Bxf4 17. gxf4 Qb6 18. Nxd5 Nxd5 19. Bxd5 Rcd8 20. Bxc6 bxc6 21. f6 Qxd4 22. Qg4 g5 23. Qh5 Qe4 24.
fxg5 hxg5 25. f3 Qh7 26. Qxg5+ Kh8 27. Kf2 Rd2+ 28. Qxd2 Qxh2+ 29. Ke1 Qxd2+ 30. Kxd2 Rd8+ 31. Ke3 Kg8 32. Ke4 Re8 33. Kf5 Rb8 34. Rg1+ Kh7 35. Rh1+ Kg8 36. Rg1+ Kh7 37. Rb1 c5 38. Ke4 Kh6 39.
Kf5 Kh7 40. Rh1+ Kg8 41. Nc6 Rb6 42. Ne7+ Kf8 43. Rh8# 1-0

[Event "Late-Titled-Tuesday-Blitz-February-06-2024"]
[Site "Chess.com"]
[Date "2024.02.06"]
[Round "11"]
[White "OYAcosta"]
[Black "malakismayil"]
[Result "1-0"]
[WhiteElo "2227"]
[BlackElo "2472"]
[TimeControl "180+1"]
[EndTime "16:05:09 PST"]
[Termination "OYAcosta won on time"]

1. d4 d5 2. Nf3 Nf6 3. Bf4 e6 4. e3 Be7 5. Bg3 O-O 6. Bd3 c5 7. c3 c4 8. Bc2 b5 9. Nbd2 Bb7 10.
Ne5 Nbd7 11. f4 Ne4 12. Nxe4 dxe4 13. O-O f6 14. Ng4 f5 15. Nf2 Nf6 16. Bh4 Nd5 17.
Bxe7 Qxe7 18. Qe2 Rfc8 19. g4 a5 20. Kh1 b4 21. gxf5 exf5 22. Rg1 bxc3 23. b3 Ba6 24. Qe1 Kh8 25. Nh3 Nb4 26. Qf2 Nxc2 27. Qxc2 cxb3 28. Qxb3 Bc4 29. Qa4 Be2 30. Rg5 c2 31. Rc1 h6 32.
Rxf5 Bg4 33. Re5 Qh4 34. Ng1 Bf3+ 35. Nxf3 exf3 36. Rc5 Rxc5 37. dxc5 Rd8 38. Qxc2 Qg4 39. Rg1 Qe6 40. Qc3 Rd7 41. c6 Rc7 42. Rg3 1-0

[Event "Late-Titled-Tuesday-Blitz-February-06-2024"]
[Site "Chess.com"]
[Date "2024.02.06"]
[Round "11"]
[White "MolecularChemist"]
[Black "dretch"]
[Result "1/2-1/2"]
[WhiteElo "2968"]
[BlackElo "2860"]
[TimeControl "180+1"]
[EndTime "16:05:11 PST"]
[Termination "Game drawn by repetition"]

1. d4 d5 2. Nf3 Nf6 3. c4 c6 4. e3 Bf5 5. Nc3 e6 6. Nh4 Bg6 7. Nxg6 hxg6 8. h3 Nbd7 9. Bd3 Nb6 10. b3 Bb4 11. Bd2 dxc4 12. bxc4 e5 13. Qb3 exd4 14. Qxb4 dxc3 15. Qxc3 O-O 16. Qc2 Qe7 17. O-O Rfd8 18. Rfd1 Nbd7 19. Rab1 Nc5 20. Bb4 b6 21. Be2 Qe4 22.
Qxe4 Nfxe4 23. Rd4 f5 24. Rbd1 Re8 25. g4 Na4 26.
Rd7 a5 27. Be1 Nac3 28. Bxc3 Nxc3 29. R1d2 f4 30. Bf3 fxe3 31. fxe3 Rxe3 32. Bxc6 Rf8 33. Kg2 Ne2 34. Rd8 Nf4+ 35. Kg1 Nxh3+ 36. Kh2 Nf4 37.
Bd5+ Nxd5 38. R2xd5 Re2+ 39. Kg3 Rxa2 40. Rxf8+ Kxf8 41. Rb5 Rc2 42. Rxb6 Rxc4 43. Ra6 a4 44. Ra7 Rc3+ 45.
Kh4 a3 46. Kg5 Kg8 47. Kxg6 Rc6+ 48. Kg5 Rc3 49. Kg6 Rc6+ 50. Kg5 Rc5+ 51. Kg6 Rc6+ 1/2-1/2

[Event "Late-Titled-Tuesday-Blitz-February-06-2024"]
[Site "Chess.com"]
[Date "2024.02.06"]
[Round "11"]
[White "pinguino120"]
[Black "Eloist"]
[Result "0-1"]
[WhiteElo "2282"]
[BlackElo "2446"]
[TimeControl "180+1"]
[EndTime "16:05:13 PST"]
[Termination "Eloist won by checkmate"]

1. d4 e6 2. e4 d5 3. Nc3 Nf6 4. e5 Nfd7 5. f4 c5 6. Nf3 Nc6 7. Be3 a6 8. Qd2 b5 9. a3 Qa5 10. dxc5 Bxc5 11. Bxc5 Nxc5 12. Be2 Qb6 13. Rd1 O-O 14.
Nd4 Bd7 15. O-O Rfc8 16. Kh1 b4 17. Nxc6 bxc3 18. Ne7+ Kf8 19. Nxc8 Qxb2 20. Qc1 Rxc8 21. Rd4 Ne4 22. Rb4 Qxc1 23. Rxc1 f6 24. Bd3 Nf2+ 25. Kg1 Nxd3 26. cxd3 Bb5 27. d4 Be2 28. Kf2 Bg4 29. Ke3 Bf5 30. h3 h5 31. Rb3 c2 32. Rb2 h4 33. Kd2 Rc4 34. Ke3 Rc3+ 35. Ke2 Rxa3 36. Rb6 a5 37. Rc6 Rg3 38. Kf2 a4 39. Ra1 a3 40. Ra6 Be4 41. Ke2 Rxg2+ 42. Ke3 Rg3+ 43. Kd2 Rxh3 44. R1xa3 Rh2+ 45. Kc1 Rh1+ 46. Kb2 c1=Q+ 47. Ka2 Qb1# 0-1

[Event "Late-Titled-Tuesday-Blitz-February-06-2024"]
[Site "Chess.com"]
[Date "2024.02.06"]
[Round "11"]
[White "jinxy2009"]
[Black "Akhayan"]
[Result "0-1"]
[WhiteElo "2238"]
[BlackElo "2386"]
[TimeControl "180+1"]
[EndTime "16:05:15 PST"]
[Termination "Akhayan won by resignation"]

1. e4 c5 2. Nf3 e6 3. d4 cxd4 4.
Nxd4 Nf6 5. Nc3 d6 6. g4 Nc6 7. g5 Nd7 8. Be3 Be7 9. h4 O-O 10. Qd2 a6 11. O-O-O Qc7 12. h5 b5 13. g6 b4 14. Nb1 Nxd4 15. Bxd4 e5 16. Be3 Nf6 17. h6 fxg6 18. hxg7 Kxg7 19. Bh6+ Kg8 20. Bxf8 Bxf8 21.
Qxb4 Be6 22. Qd2 Nxe4 23. Qd3 d5 24. Nc3 Nxf2 25. Qf3 Nxh1 26. Nxd5 Qf7 27. Nf6+ Kg7 28. Qxa8 Qxf6 29. Qxh1 Bc5 30. Bxa6 Bd4 31. c3 Be3+ 32. Kc2 Bf5+ 33. Bd3 Be6 34. Qb7+ Kg8 35. Rh1 h6 36. Rf1 Bf4 37. Qg2 g5 38. Qe4 Qe7 39. Qg6+ Kf8 40. Qxh6+ Ke8 41. Bb5+ Kd8 42. Rd1+ Kc7 43.
a4 g4 44. Kb1 Bxh6 45. a5 Bf5+ 46. Ka1 Qc5 47. c4 Qb4 48. a6 Qa5+ 0-1

[Event "Late-Titled-Tuesday-Blitz-February-06-2024"]
[Site "Chess.com"]
[Date "2024.02.06"]
[Round "11"]
[White "ChristopherYoo"]
[Black "bilelou"]
[Result "0-1"]
[WhiteElo "2972"]
[BlackElo "2762"]
[TimeControl "180+1"]
[EndTime "16:05:17 PST"]
[Termination "bilelou won on time"]

1. e4 c5 2. Nf3 Nc6 3. Bb5 Nf6 4.
Nc3 Nd4 5. e5 Nxb5 6. Nxb5 Nd5 7. Ng5 f6 8. Ne4 f5 9. Ng3 e6 10. c4 Nb4 11. d4 a6 12. Nd6+ Bxd6 13. exd6 cxd4 14. O-O O-O 15. Qxd4 Nc2 16. Qc3 Nxa1 17. Bf4 b5 18. Rxa1 Bb7 19. Nh5 Rf7 20. Qg3 Rc8 21.
cxb5 axb5 22. h4 Rc4 23. b3 Re4 24. Rc1 Bc6 25. f3 Re2 26. Kh2 Qa8 27. Rc3 b4 28.
Re3 Rxa2 29. Be5 Qf8 30. Nf4 Ra5 31. Nd3 Rd5 32. Nxb4 f4 33. Bxf4 Rxf4 34. Nxd5 Bxd5 35. h5 Qf6 36. Kg1 Qh4 37. Qxh4 Rxh4 38. Rc3 Rxh5 39.
b4 Bc6 40. Ra3 Rd5 41. Ra6 Rxd6 42. Kf2 Rd2+ 43. Ke3 Re2+ 44. Kd4 Rxg2 45. Kc5 Bxf3 46. Kd6 Rd2+ 47. Ke7 h5 48. b5 h4 49. Ra3 Bg2 50.
b6 h3 51. Ra4 h2 52. Rh4 h1=Q 53. Rxh1 Bxh1 54. b7 Bxb7 0-1

[Event "Late-Titled-Tuesday-Blitz-February-06-2024"]
[Site "Chess.com"]
[Date "2024.02.06"]
[Round "11"]
[White "Seochesspie"]
[Black "crazy_but_lazy"]
[Result "1-0"]
[WhiteElo "2781"]
[BlackElo "2608"]
[TimeControl "180+1"]
[EndTime "16:05:19 PST"]
[Termination "Seochesspie won on time"]

1. d4 Nf6 2. Bg5 e6 3. Nd2 d5 4. e3 h6 5. Bh4 c5 6. c3 Nc6 7.
f4 Bd6 8. Ngf3 b6 9. Bd3 Bb7 10.
O-O Ne7 11. Ne5 Ne4 12. Nxe4 dxe4 13. Bb5+ Kf8 14. Qh5 g6 15. Qg4 Kg7 16. Bc4 Qc8 17. Bxe7 Bxe7 18. Rf2 h5 19. Qe2 Bf6 20. Raf1 Qc7 21.
Kh1 Rhf8 22. Bb3 a6 23. g4 hxg4 24. Qxg4 b5 25. Bxe6 cxd4 26. Bxf7 Rxf7 27. Qxg6+ Kf8 28. cxd4 Bd5 29. Nxf7 Qxf7 30. Qh6+ Ke7 31. Rc1 Kd6 32. f5 Kd7 33. Qf4 Rc8 34. Rxc8 Kxc8 35. Qd6 Kb7 36.
Rc2 Bc4 37. b3 Qh5 38. Rxc4 Qd1+ 39. Kg2 Qf3+ 40. Kg1 Qxe3+ 41. Kf1 bxc4 42. Qxf6 Qf3+ 43. Ke1 e3 44. Qe7+ 1-0

[Event "Late-Titled-Tuesday-Blitz-February-06-2024"]
[Site "Chess.com"]
[Date "2024.02.06"]
[Round "11"]
[White "Harsha_Bharathakoti"]
[Black "Hikaru"]
[Result "0-1"]
[WhiteElo "2936"]
[BlackElo "3323"]
[TimeControl "180+1"]
[EndTime "16:05:21 PST"]
[Termination "Hikaru won on time"]

1. Nf3 g6 2. d4 Nf6 3. c4 c5 4. Nc3 Bg7 5. d5 d6 6. e4 O-O 7. h3 e6 8. Bd3 exd5 9. exd5 Re8+ 10. Be3 Rxe3+ 11. fxe3 Qe7 12. O-O Nbd7 13. Qd2 Ne8 14. Rae1 a6 15. Qf2 Ne5 16. Nxe5 Bxe5 17. Ne4 Bf5 18.
Qc2 Bxe4 19. Bxe4 Nf6 20. Bf3 Bg3 21. Re2 h5 22. Rb1 Rc8 23. Qd3 Nd7 24. Qe4 Ne5 25.
Rf1 b5 26. cxb5 axb5 27. Qc2 Ra8 28. a3 h4 29. Be4 f5 30. Bxf5 gxf5 31. Qxf5 c4 32.
e4 Rf8 33. Qxf8+ Qxf8 34. Rxf8+ Kxf8 35. Kf1 Nd3 36. Rc2 Be5 37. a4 bxa4 38. Rxc4 Nxb2 39. Rc8+ Ke7 40. Ra8 Kd7 41. Ke2 Kc7 42. Kd2 Kb7 43.
Rf8 Nc4+ 44. Kc2 Ne3+ 45. Kb1 Nxg2 46. Ka2 Nf4 47. Rf7+ Kb6 48. Rh7 Nxh3 49. Rxh4 Nf2 50. Ka3 Kb5 51. Rh7 Nxe4 52. Rb7+ Ka6 53. Rb8 Nc5 54. Kb4 Ka7 55. Rf8 Kb6 56. Rf7 Bb2 57.
Rf8 a3 58. Rb8+ Ka7 59. Rb5 a2 60. Ra5+ Na6+ 61. Kb5 a1=Q 0-1

[Event "Late-Titled-Tuesday-Blitz-February-06-2024"]
[Site "Chess.com"]
[Date "2024.02.06"]
[Round "11"]
[White "aleksanchess"]
[Black "Escanor89"]
[Result "1-0"]
[WhiteElo "2406"]
[BlackElo "2500"]
[TimeControl "180+1"]
[EndTime "16:05:26 PST"]
[Termination "aleksanchess won on time"]

1. d4 Nf6 2. c4 g6 3. Nc3 Bg7 4. e4 d6 5. Nf3 O-O 6. Be2 Bg4 7. Be3 Nfd7 8. Nd2 Bxe2 9. Qxe2 c5 10. d5 Na6 11. O-O Nc7 12. a4 a6 13. f4 e6 14.
Nf3 Rb8 15. e5 dxe5 16. fxe5 exd5 17. cxd5 Nxe5 18. Nxe5 Bxe5 19. Bxc5 Bd6 20. Bxd6 Qxd6 21. Rad1 f5 22. Qe3 Rbe8 23. Qg5 Kg7 24. h4 h6 25. Qd2 Re5 26. Rfe1 Rfe8 27. Rxe5 Rxe5 28.
Re1 Rxe1+ 29. Qxe1 Nxd5 30. Nxd5 Qxd5 31. Qe7+ Qf7 32.
Qe5+ Kh7 33. h5 gxh5 34. a5 Kg6 35. Kh1 Qf6 36. Qe8+ Kg5 37. Qg8+ Kh4 38. Qb3 Qc6 39. Qh3+ Kg5 40. Qg3+ Kf6 41. Qh4+ Kg6 42. Qg3+ Kh7 43. Qe3 Qe4 44. Qb6 h4 45. Qc7+ Kg6 46. Qd6+ Kg5 47.
Qe7+ Kg4 48. Qg7+ Kh5 49. Qf7+ Kg5 50. Qg7+ Kf4 51. Qxh6+ Ke5 52. Qg7+ Kd5 53. Qxb7+ Kd4 54. Qb4+ Kd3 55. Qd6+ Kc2 56. Qxa6 h3 57. Qc8+ 1-0

[Event "Late-Titled-Tuesday-Blitz-February-06-2024"]
[Site "Chess.com"]
[Date "2024.02.06"]
[Round "11"]
[White "masnyszachistaaa"]
[Black "Rutricks"]
[Result "1-0"]
[WhiteElo "2562"]
[BlackElo "2708"]
[TimeControl "180+1"]
[EndTime "16:05:29 PST"]
[Termination "masnyszachistaaa won by checkmate"]

1. Nf3 g6 2. d4 Bg7 3. c4 d6 4.
Nc3 Nd7 5. e4 e5 6. Be2 Ngf6 7.
O-O O-O 8. Re1 Re8 9. Bf1 exd4 10. Nxd4 Ng4 11. h3 Nge5 12. Be3 Nc5 13. Rc1 Bd7 14. Qd2 a6 15. f4 Nc6 16. Nxc6 Bxc6 17. e5 Qh4 18. Bf2 Qh5 19. Be2 Qf5 20. Bxc5 dxe5 21.
Bg4 Qf6 22. fxe5 Rxe5 23. Rxe5 Qxe5 24. Bf2 h5 25. Be2 Kh7 26. Re1 Qa5 27. Bd3 Bh6 28. Qe2 Re8 29. Qd1 Qg5 30. Nd5 Rxe1+ 31. Bxe1 Bxd5 32.
cxd5 Qe5 33. Bf2 Qxb2 34. Qf3 Kg8 35. Qe4 Qc1+ 36. Kh2 Bf4+ 37. g3 Qb2 38. Qxf4 Qxa2 39. Kg2 Qxd5+ 40. Qe4 Qd6 41. Qe8+ Kg7 42. Qe3 c5 43. g4 hxg4 44. hxg4 b5 45. Bg3 Qd5+ 46. Qe4 Qa2+ 47. Kh3 c4 48. Qe5+ Kh7 49. Be4 Qd2 50.
Qf6 Kg8 51. Be5 Qe3+ 52. Bf3 Qh6+ 53. Kg3 b4 54. Qd8+ Kh7 55. Qh8# 1-0

[Event "Late-Titled-Tuesday-Blitz-February-06-2024"]
[Site "Chess.com"]
[Date "2024.02.06"]
[Round "11"]
[White "jcmesafischer"]
[Black "PawnEatingZombie"]
[Result "1-0"]
[WhiteElo "2355"]
[BlackElo "2205"]
[TimeControl "180+1"]
[EndTime "16:05:31 PST"]
[Termination "jcmesafischer won on time"]

1. e4 d6 2. d4 Nf6 3. Nc3 e5 4.
dxe5 dxe5 5. Qxd8+ Kxd8 6. Bc4 Be6 7. Bxe6 fxe6 8. f3 Bd6 9. Nh3 Nc6 10. Nf2 Ke7 11.
Ncd1 h6 12. Nd3 Nd7 13. Be3 a6 14. b3 b5 15. N1b2 Nd4 16. O-O-O a5 17. c3 Nc6 18. Kc2 a4 19. b4 a3 20. Nc1 axb2 21. Kxb2 Ncb8 22.
Nb3 Nc6 23. Na1 g5 24. Nc2 h5 25. Na3 Rhg8 26. Nxb5 g4 27. Rhg1 Rg6 28. Kb3 Rag8 29. a4 gxf3 30. gxf3 Rxg1 31. Rxg1 Rxg1 32. Bxg1 Ncb8 33.
a5 c6 34. Na3 Na6 35. Nc2 h4 36. c4 h3 37. c5 Bc7 38. Ne3 Nf6 39. Bf2 Nh5 40.
Kc4 Nf4 41. b5 cxb5+ 42. Kxb5 Nxc5 43. Kxc5 Nd3+ 44. Kc6 Bxa5 45. Bh4+ Kf7 46. Nc4 Be1 47. Bxe1 Nxe1 48. Nxe5+ Kf6 49. Kd6 Nc2 50. f4 Ne3 51. Nd7+ Kf7 52. Ne5+ Kf6 53. Nf3 Ng4 54. Ng5 e5 55.
Nxh3 exf4 56. Nxf4 Nxh2 57. e5+ 1-0

[Event "Late-Titled-Tuesday-Blitz-February-06-2024"]
[Site "Chess.com"]
[Date "2024.02.06"]
[Round "11"]
[White "LUISMIGUELOV"]
[Black "BozeKat"]
[Result "0-1"]
[WhiteElo "2180"]
[BlackElo "2022"]
[TimeControl "180+1"]
[EndTime "16:05:35 PST"]
[Termination "BozeKat won on time"]

1. d4 d5 2. c3 Nf6 3. Bg5 Nbd7 4. h4 h6 5. Bf4 e6 6. Nd2 c5 7.
e3 Qb6 8. Qb3 c4 9. Qxb6 axb6 10. a3 b5 11. Rc1 Nb6 12. Be2 Na4 13. Rb1 Bd7 14. Ngf3 Nxc3 15. bxc3 Rxa3 16. Rc1 b4 17. cxb4 Bxb4 18. O-O b5 19. Rfd1 O-O 20. Ne5 Ra2 21. e4 c3 22. Nxd7 Nxd7 23. Bxb5 cxd2 24. Rb1 Nf6 25.
Rxb4 Nxe4 26. f3 Nc3 27. Rxd2 Ra1+ 28. Kh2 g5 29. hxg5 hxg5 30. Bxg5 Rb8 31. Rdb2 Nd1 32. Rb1 Rxb1 33. Rxb1 Nc3 34. Rc1 Nxb5 35. Rb1 Rb7 36. Bf4 Nd6 37. Ra1 Nf5 38. Ra8+ Kh7 39. Be5 Kg6 40.
g4 Ng7 41. Rg8 f6 42. Bf4 Rb3 43. Kg3 Rd3 44. Bd6 Rxd4 45. Bf8 Kf7 46. Rxg7+ Kxf8 47. Rd7 Rd3 48. Kf4 e5+ 49. Kf5 Rxf3+ 50. Ke6 d4 51. Rf7+ Kg8 52. Rd7 d3 0-1

[Event "Late-Titled-Tuesday-Blitz-February-06-2024"]
[Site "Chess.com"]
[Date "2024.02.06"]
[Round "11"]
[White "ninguno46"]
[Black "gahryman"]
[Result "0-1"]
[WhiteElo "2530"]
[BlackElo "2672"]
[TimeControl "180+1"]
[EndTime "16:05:36 PST"]
[Termination "gahryman won on time"]

1. e4 c5 2. Nc3 Nc6 3. f4 g6 4. Nf3 Bg7 5. Bb5 Nd4 6. O-O a6 7. Bd3 d6 8. Nxd4 cxd4 9. Ne2 Nh6 10.
Ng3 O-O 11. Bc4 Kh8 12. d3 f5 13. exf5 Nxf5 14. Nxf5 Bxf5 15. Qf3 b5 16. Bb3 Rc8 17.
a4 Qd7 18. axb5 axb5 19. Bd2 Be6 20. Rac1 Bxb3 21. cxb3 Rxc1 22. Rxc1 Qe6 23. Qd1 Qf5 24.
Qe2 e5 25. Rf1 Qe6 26. fxe5 Rxf1+ 27. Kxf1 dxe5 28. Qf3 h5 29. b4 Kh7 30. h3 Qb3 31. g4 Qxb2 32. Be1 hxg4 33. hxg4 Qh2 34. Bg3 Qd2 35. Be1 Qh2 36. Bg3 Qh3+ 37. Ke2 Qh6 38. Bf2 Qc1 39. Be1 Qc7 40. Qh1+ Kg8 41. Qd5+ Kh7 42.
Qh1+ Kg8 43. Qd5+ Qf7 44. Qxf7+ Kxf7 45. Kf3 Ke6 46. Ke4 Bf8 47. Bd2 Be7 48. Be1 Bg5 49. Kf3 Kd5 50. Ke2 e4 51. Bg3 e3 52. Bc7 Be7 53. Ba5 Bd6 54. Kf3 Ke5 0-1

[Event "Late-Titled-Tuesday-Blitz-February-06-2024"]
[Site "Chess.com"]
[Date "2024.02.06"]
[Round "11"]
[White "ChEsper99"]
[Black "Pelusiansky"]
[Result "0-1"]
[WhiteElo "2268"]
[BlackElo "2489"]
[TimeControl "180+1"]
[EndTime "16:05:36 PST"]
[Termination "Pelusiansky won by resignation"]

1. e4 c5 2. Nf3 e6 3. g3 Nf6 4.
Qe2 d6 5. Bg2 Nc6 6. O-O Be7 7.
c3 O-O 8. d4 d5 9. e5 Ne4 10.
Nbd2 Nxd2 11. Bxd2 b6 12. Be3 a5 13. Rfd1 Ba6 14.
Qc2 Rc8 15. Qd2 a4 16. b3 Na5 17. Rab1 axb3 18. axb3 Qc7 19. Rdc1 c4 20. bxc4 Nxc4 21.
Qe1 Ba3 22. Rc2 Be7 23. Ra1 Ra8 24. Nd2 Bb5 25. Rca2 Rxa2 26. Rxa2 Nxe3 27. Qxe3 Rc8 28. Nb1 h6 29. Bf1 Bd7 30. Qe2 b5 31. Qb2 Rb8 32. Qb3 b4 33. c4 dxc4 34. Bxc4 Rc8 35. Nd2 Qb6 36. Nf3 Bc6 37. d5 exd5 38. Bxd5 Bxd5 39. Qxd5 Qc6 40. Qxc6 Rxc6 41. Rb2 g6 42. Kf1 Rc1+ 43. Ke2 Rc4 44. Nd2 Rc3 45. Rb3 Rc5 46. Kd3 Rxe5 47. Nc4 Rd5+ 48. Ke4 Rd8 49. Ne3 Bc5 50. Nd5 Kg7 51. Nxb4 Rd4+ 52. Ke3 Rxb4+ 0-1

[Event "Late-Titled-Tuesday-Blitz-February-06-2024"]
[Site "Chess.com"]
[Date "2024.02.06"]
[Round "11"]
[White "Quaide7"]
[Black "Walter_White_Poland"]
[Result "0-1"]
[WhiteElo "2188"]
[BlackElo "2384"]
[TimeControl "180+1"]
[EndTime "16:05:36 PST"]
[Termination "Walter_White_Poland won by checkmate"]

1. e4 e6 2. d4 d5 3. Nd2 c5 4. Ngf3 cxd4 5. Nxd4 Nc6 6. Bb5 Bd7 7. Nxc6 bxc6 8. Bd3 Qc7 9. O-O Bd6 10. h3 Ne7 11. c4 O-O 12. Nb3 a5 13. Bg5 f6 14.
Bh4 a4 15. Nd2 Rfb8 16. Qc2 Ng6 17. Nf3 Nxh4 18. Nxh4 Be5 19. Rab1 dxe4 20. Bxe4 f5 21. Bd3 c5 22. Nf3 Bf6 23. Rfe1 Re8 24. Rbd1 Rab8 25. b3 Bc6 26. Nd2 Qf4 27. Nf1 Bd4 28. Ne3 Qg5 29. Bf1 f4 30. Ng4 h5 31. Nh2 e5 32. Qd3 Rf8 33. Nf3 Qf6 34. Nxd4 cxd4 35. f3 e4 36.
fxe4 Rbd8 37. Be2 Qe5 38. Bf3 g5 39. Bxh5 axb3 40. axb3 Rf6 41. b4 Rh6 42. Bg4 Bd7 43.
b5 Bxg4 44. hxg4 f3 45. Qxf3 Qh2+ 46. Kf2 Rf8 47. Rxd4 Rxf3+ 48. Kxf3 Rf6+ 49. Ke2 Qxg2+ 50. Kd1 Rf2 51. b6 Rb2 52. Rd8+ Kf7 53. Rd7+ Ke6 54. Rd2 Qxd2# 0-1